 Dungeon Crawl Stone Soup version 0.22-a0-877-g5c4e1af (webtiles) character file.

111 prawnwizard the Slasher (level 4, -3/34 HPs)
             Began as a Demonspawn Gladiator on July 29, 2018.
             Slain by a gnoll
             ... wielding a +0 halberd
              (6 damage)
             ... on level 3 of the Dungeon.
             The game lasted 00:02:14 (1997 turns).

prawnwizard the Slasher (Demonspawn Gladiator)      Turns: 1997, Time: 00:02:15

Health: -3/34      AC: 12    Str: 15    XL:     4   Next: 62%
Magic:  4/4        EV: 17    Int: 10    God:
Gold:   124        SH:  0    Dex: 19    Spells: 3/3 levels left

rFire    + . .     SeeInvis .   a - +0 long sword
rCold    . . .     Gourm    .   (no shield)
rNeg     . . .     Faith    .   k - +0 ring mail
rPois    .         Spirit   .   c - +0 helmet
rElec    .         Reflect  .   (no cloak)
rCorr    .         Harm     .   (no gloves)
MR       .....                  (no boots)
Stlth    +++.......             (no amulet)
HPRegen  0.11/turn              e - ring of stealth
MPRegen  0.09/turn              (no ring)

@: agile, sanguine armour
A: fire resistance 1, powered by pain 1, sanguine armour 1
a: no special abilities


You were on level 3 of the Dungeon.
You were not hungry.

You visited 1 branch of the dungeon, and saw 3 of its levels.

You collected 124 gold pieces.

Inventory:

Hand Weapons
 a - a +0 long sword (weapon)
Missiles
 d - 3 throwing nets (quivered)
Armour
 b - a +0 leather armour
 c - a +0 helmet (worn)
 k - a +0 ring mail (worn)
Jewellery
 e - a ring of stealth (left hand)
Scrolls
 g - a scroll of immolation {unknown}
 i - 4 scrolls of identify {unknown}
 l - a scroll of random uselessness {unknown}
 p - a scroll of magic mapping {unknown}
 r - a scroll of enchant weapon {unknown}
 s - a scroll of enchant armour {unknown}
Potions
 h - 2 potions of mutation {unknown}
 j - 4 potions of degeneration {unknown}
 m - 2 potions of curing {unknown}
 n - a potion of heal wounds {unknown}
 o - a potion of agility {unknown}
 q - a potion of haste {unknown}
Comestibles
 f - 8 rations
 t - 14 chunks of flesh


   Skills:
 + Level 2.9 Fighting
 * Level 4.0 Long Blades
 - Level 1.7 Throwing
 + Level 3.3 Dodging


You had 3 spell levels left.
You didn't know any spells.
Your spell library was empty.

Dungeon Overview and Level Annotations

Branches:
Dungeon (3/15)

Altars:
Gozag

Shops:
D:3 *


Innate Abilities, Weirdness & Mutations

Your flesh is heat resistant. (rF+)
You sometimes gain a little power by taking damage.
When seriously injured, your bleeding wounds create armour. (AC +6)


Message History

* * * LOW HITPOINT WARNING * * *
You focus on the pain.
You feel agile all of a sudden. The worm bites you.
* * * LOW HITPOINT WARNING * * *
You slash the worm!
The worm is heavily wounded.
The gnoll hits you but does no damage. The gnoll misses you.
You slash the worm!
The worm is almost dead.
The gnoll misses you. The gnoll completely misses you.
The worm bites you but does no damage. The gnoll misses you.
Unknown command.
You barely miss the worm.
The worm is almost dead.
The gnoll closely misses you. The worm misses you. The gnoll misses you.
You completely miss the worm.
The worm is severely wounded.
The gnoll hits you from afar with a halberd.
You die...

.....≈≈≈≈.##......#
.#
.⌠.⌠....≈.........# #
..∩..._....#.......
.⌠.⌠....≈.## ####
.....≈≈≈≈.###
≈≈≈≈≈≈......#########
.......##.#.#..gg...#
.......##.#.#.#####.#
.......##.#.#.gw@.gg#
.###.####.#...#####.#
#. #.###g# ### #.#
#w# .(###.######
#..).....# #...)....#
#........# #.#....###


You could see a worm and 3 gnolls.

Vanquished Creatures
  Robin (D:3)
  2 adders
  A gnoll (D:3)
  2 worms (D:2)
  A dart slug (D:1)
  6 bats
  3 giant cockroaches
  16 goblins
  7 hobgoblins
  6 jackals
  A quokka (D:2)
  A ball python (D:2)
  3 frilled lizards
  4 kobolds
  5 rats
59 creatures vanquished.

Notes
Turn   | Place    | Note
-------+----------+-------------------------------------------
     0 | D:1      | prawnwizard the Demonspawn Gladiator began the quest for the Orb.
     0 | D:1      | Reached XP level 1. HP: 16/16 MP: 1/1
   203 | D:1      | Reached skill level 3 in Long Blades
   203 | D:1      | Gained mutation: You sometimes gain a little power by taking damage. [demonic ancestry]
   203 | D:1      | Reached XP level 2. HP: 19/22 MP: 2/2
   778 | D:2      | Gained mutation: Your flesh is heat resistant. (rF+) [demonic ancestry]
   778 | D:2      | Reached XP level 3. HP: 28/28 MP: 3/3
  1799 | D:3      | Gained mutation: When seriously injured, your bleeding wounds create armour. (AC +6) [demonic ancestry]
  1799 | D:3      | Reached XP level 4. HP: 31/34 MP: 4/4
  1836 | D:3      | Found an opulent altar of Gozag.
  1837 | D:3      | Found Gozag's Platinum Reserve.
  1837 | D:3      | Noticed Robin
  1849 | D:3      | Killed Robin
  1874 | D:3      | Reached skill level 4 in Long Blades
  1997 | D:3      | Slain by a gnoll

Vault maps used:
D:1:      dpeg_arrival_ternary, st_stairs_4, minmay_pentomino_s2
D:2:      first_ration
D:3:      nicolae_gozag_zags_fifth_avenue, uniq_robin

Skill      XL: |  1  2  3  4 |
---------------+-------------+-----
Long Blades    | 3 4 |  4.0
Dodging        | 3 |  3.3
Fighting       | |  2.9
Throwing       | |  1.7

Action                   |  1- 3 |  4- 6 || total
-------------------------+-------+-------++-------
Melee: Long sword        |   111 |    36 ||   147
  Eat: Chunk             |     3 |     1 ||     4
Armor: Leather armour    |     5 |       ||     5
       Ring mail         |    52 |    16 ||    68
Dodge: Dodged            |    93 |    54 ||   147
       Rpst.: Long sword |    28 |    14 ||    42

Table legend:
 A = Spawn XP
 B = Non-spawn XP
 C = Spawn XP percentage of total XP
 D = Spawn monster count
 E = Non-spawn monster count
 F = Spawn count percentage of total count
 G = Total turns spent on level
                    A         B        C        D         E        F      G
               +---------+---------+-------+---------+---------+-------+---------
         Total |       0 |     159 |   0.0 |       0 |      59 |   0.0 |  1997
               +---------+---------+-------+---------+---------+-------+---------
           D:1 |       0 |      23 |   0.0 |       0 |      12 |   0.0 |   744
           D:2 |       0 |      65 |   0.0 |       0 |      27 |   0.0 |  1035
           D:3 |       0 |      71 |   0.0 |       0 |      20 |   0.0 |   218
               +---------+---------+-------+---------+---------+-------+---------
